 Dungeon Crawl Stone Soup version 0.29-a0-243-g602b31c20e (webtiles) character file.

Game seed: 9886419250111873784

102 enile the Skirmisher (level 5, -1/41 HPs)
             Began as a Djinni Fire Elementalist on Mar 5, 2022.
             Slain by an adder (2 damage)
             ... on level 3 of the Dungeon.
             The game lasted 00:01:52 (3437 turns).

enile the Skirmisher (Djinni Fire Elementalist)     Turns: 3437, Time: 00:01:52

Health: -1/41      AC:  2    Str:  7    XL:     5   Next: 5%
Gold:   94         EV: 12    Int: 19    God:
                   SH:  0    Dex: 13

rFire   + + .      SeeInvis .   e - +0 long sword
rCold   x . .      Faith    .   (no shield)
rNeg    . . .      Spirit   .   a - +0 robe
rPois   ∞          Reflect  .   (no helmet)
rElec   .          Harm     .   (no cloak)
rCorr   .          Rampage  .   (no gloves)
Will    .....                   (boots unavailable)
Stlth   ++........              (no amulet)
HPRegen 0.13/turn               (no ring)
MPRegen 0.00/turn               (no ring)

@: flying, very slightly contaminated
A: sickness immunity, fire resistance 2, cold vulnerability 1, float, innate
caster, HP casting, extra vitality 1
a: no special abilities


You were on level 3 of the Dungeon.
You visited 1 branch of the dungeon, and saw 3 of its levels.

You collected 94 gold pieces.

Inventory:

Hand Weapons
 c - a +0 dagger
 e - a +0 long sword (weapon)
Armour
 a - a +0 robe (worn)
Jewellery
 h - a ring of protection from fire
Scrolls
 b - 2 scrolls of identify {unknown}
 g - a scroll of teleportation {unknown}
Potions
 d - 3 potions of curing {unknown}
 f - a potion of attraction {unknown}


   Skills:
 + Level 4.2 Fighting
 - Level 2.1 Dodging
 - Level 1.5 Stealth
 - Level 2.4 Spellcasting


You couldn't memorise any spells.
You knew the following spells:

 Your Spells              Type           Power      Damage    Failure   Level
a - Foxfire               Conj/Fire      44%        2x1d6     6%          1
b - Scorch                Fire           22%        2d6       9%          2
c - Conjure Flame         Conj/Fire      11%        6-21      19%         3
d - Inner Flame           Hex/Fire       11%        N/A       19%         3
e - Flame Wave            Conj/Fire      11%        2d5       52%         4
f - Sting                 Tmut/Pois      44%        1d5       6%          1
g - Wereblood             Tmut           11%        N/A       9%          2
Your spell library was empty.

Dungeon Overview and Level Annotations

Branches:
Dungeon (3/15)

Altars:


Innate Abilities, Weirdness & Mutations

You are immune to sickness and miasma.
You are immune to poison.
Your flesh is very heat resistant. (rF++)
You are vulnerable to cold. (rC-)
You float through the air rather than walking.
You learn spells naturally, not from books.
Your magical power is your life essence.
You have superior vitality. (+4 MHP)


Message History

A kobold comes into view. It is wielding a +0 dagger.
The jackal barely misses you. The jackal closely misses you.
Casting: Scorch (safe; 9% risk of failure)
Confirm with . or Enter, or press ? or * to list all spells.
Flames lash the jackal.
You kill the jackal!
An adder comes into view.
The adder misses you. The adder bites you.
The adder moves out of view.
Your magical contamination has completely faded away.
Casting: Scorch (safe; 9% risk of failure)
Confirm with . or Enter, or press ? or * to list all spells.
Flames lash the kobold.
You kill the kobold!
The adder bites you. The adder bites you.
Casting: Scorch (safe; 9% risk of failure)
Confirm with . or Enter, or press ? or * to list all spells.
You miscast Scorch.
You are very lightly contaminated with residual magic.
Nothing appears to happen.
The adder bites you.
* * * LOW HITPOINT WARNING * * *
The adder misses you.
Casting: Scorch (safe; 9% risk of failure)
Confirm with . or Enter, or press ? or * to list all spells.
Flames lash the adder.
The adder is heavily wounded.
The adder's fire resistance burns away.
* * * LOW HITPOINT WARNING * * *
The adder bites you.
* * * LOW HITPOINT WARNING * * *
The adder bites you.
* * * LOW HITPOINT WARNING * * *
Casting: Scorch (safe; 9% risk of failure)
Confirm with . or Enter, or press ? or * to list all spells.
Flames lash the adder.
The adder is heavily wounded.
The adder's fire resistance burns away.
* * * LOW HITPOINT WARNING * * *
The adder bites you.
You die...

. .. .#.
... ..
...##.###
.....SS@#
##..#.###
.. #. #


You could see 2 adders.

Vanquished Creatures
  3 adders (D:2)
  A worm (D:2)
  2 dart slugs (D:1)
  4 bats
  8 endoplasms
  4 giant cockroaches
  6 goblins
  7 hobgoblins
  7 jackals
  2 quokkas
  3 ball pythons (D:2)
  3 frilled lizards (D:1)
  5 kobolds
  4 rats
59 creatures vanquished.

Vanquished Creatures (others)
  116 foxfires
116 creatures vanquished.

Grand Total: 175 creatures vanquished

Notes
Turn   | Place    | Note
-------+----------+-------------------------------------------
     0 | D:1      | enile the Djinni Fire Elementalist began the quest for the
                  | Orb.
     0 | D:1      | Reached XP level 1. HP: 15/15 MP: 0/0
   219 | D:1      | Reached skill level 1 in Fighting
   328 | D:1      | Reached XP level 2. HP: 17/22 MP: 0/0
   509 | D:1      | Reached skill level 2 in Fighting
   974 | D:1      | Reached XP level 3. HP: 25/29 MP: 0/0
   974 | D:1      | Learned a level 1 spell: Sting
  1715 | D:2      | Reached skill level 3 in Fighting
  1895 | D:2      | Reached XP level 4. HP: 11/35 MP: 0/0
  2889 | D:2      | Reached skill level 4 in Fighting
  3428 | D:3      | Reached XP level 5. HP: 27/41 MP: 0/0
  3428 | D:3      | Learned a level 2 spell: Wereblood
  3437 | D:3      | Slain by an adder

Illustrated notes

Levels and vault maps discovered:
D:1:      lemuel_arrival_lava_pool, layout_basic
D:2:      layout_loops_ring, minmay_heptomino_l4
D:3:      layout_basic, nicolae_uskayaw_suspiria

Skill      XL: |  1  2  3  4 |
---------------+-------------+-----
Fighting       | 1 2 3 4 |  4.2
Dodging        | |  2.1
Stealth        | |  1.5
Spellcasting   | |  2.4

Action                   |  1- 3 |  4- 6 || total
-------------------------+-------+-------++-------
Melee: Dagger            |    16 |       ||    16
       Long sword        |    11 |    14 ||    25
 Cast: Foxfire           |    62 |    20 ||    82
       Scorch            |       |    26 ||    26
Armor: Robe              |     9 |     9 ||    18
Dodge: Dodged            |    39 |    39 ||    78

Table legend: (Time is in decaauts)
 A = Elapsed time spent in this place.
 B = Non-inter-level travel time spent in this place.
 C = Inter-level travel time spent in this place.
 D = Time resting spent in this place.
 E = Time spent auto-exploring this place.
 F = Levels seen in this place.
 G = Mean time per level.
                   A        B        C        D        E       F      G
               +--------+--------+--------+--------+--------+-----+--------+
         Total |   3445 |   3396 |     49 |      0 |   3019 |   3 | 1148.3 |
       Dungeon |   3445 |   3396 |     49 |      0 |   3019 |   3 | 1148.3 |
               +--------+--------+--------+--------+--------+-----+--------+

Top non-repeatable levels by time:
     D:2: 1717 daAuts
     D:1: 1702 daAuts
     D:3: 25 daAuts
